 Seeded DCSS version 0.30.0-3-ga4e48a9924 (webtiles) character file.

Game seed: 11222869535617054362 (custom seed)

76 Pimp the Trooper (level 4, -7/35 HPs)
             Began as a Demonspawn Fighter on May 7, 2023.
             Killed by an exploding butterfly (19 damage)
             ... ignited by their inner flame
             ... on level 3 of the Dungeon.
             The game lasted 00:03:20 (1873 turns).

Pimp the Trooper (Demonspawn Fighter)               Turns: 1873, Time: 00:03:20

Health: -7/35      AC:  6    Str: 18    XL:     4   Next: 12%
Magic:  4/4        EV:  9    Int: 10    God:
Gold:   957        SH:  4    Dex: 12    Spells: 3/3 levels left

rFire   . . .        a - +1 war axe
rCold   . . .        c - +0 buckler
rNeg    . . .        b - +0 scale mail
rPois   .            (helmet restricted)
rElec   .            (no cloak)
rCorr   .            (no gloves)
SInv    .            (no boots)
Will    .....        (no amulet) Stlth
                     (no ring)
HPRegen 0.25/turn    (no ring)
MPRegen 0.18/turn

%: no passive effects
@: about to teleport
A: antennae 1, claws 1, magic regeneration
a: no special abilities


You were on level 3 of the Dungeon.
You visited 1 branch of the dungeon, and saw 3 of its levels.

You collected 957 gold pieces.

Inventory:

Hand Weapons
 a - a +1 war axe (weapon)
Armour
 b - a +0 scale mail (worn)
 c - a +0 buckler (worn)
Scrolls
 f - a scroll of identify
Potions
 d - 3 potions of might
 e - a potion of flight {unknown}
 k - a potion of haste {unknown}
 l - a potion of cancellation


   Skills:
 + Level 3.3 Fighting
 + Level 2.9 Axes
 + Level 3.3 Armour
 + Level 0.3 Dodging
 + Level 2.9 Shields


You had 3 spell levels left.
You didn't know any spells.
Your spell library contained the following spells:

 Spells                   Type           Power      Damage    Failure   Level
 Ignite Poison            Fire/Tmut/Pois 0%         N/A       99%         3
 Sticky Flame             Conj/Fire      0%         2d3       100%        4
 Ignition                 Fire           0%         3d3       100%        8


Dungeon Overview and Level Annotations

Branches:
Dungeon (3/15)

Altars:


Innate Abilities, Weirdness & Mutations

You have a pair of small antennae on your head.
You have sharp fingernails.
You regenerate magic rapidly.


Message History

Your +0 war axe glows red for a moment.
The orc wizard closely misses you.
You hear an explosion!
You feel a bit more experienced.
You hear an explosion!
As you read the scroll of teleportation, it crumbles to dust.
You feel strangely unstable.
Your butterfly is engulfed in blazing flames.
Your butterfly disappears in a burst of colours!
Your butterfly explodes!
The fiery explosion engulfs your butterfly!
You kill your butterfly!
Your butterfly disappears in a burst of colours!
The fiery explosion engulfs your butterfly!
Your butterfly disappears in a burst of colours!
Your butterfly explodes!
The orc wizard barely misses you.
Unknown command.
Unknown command.
Unknown command.
You swap places.
The orc wizard misses your butterfly.
Your butterfly is engulfed in blazing flames.
Your butterfly disappears in a burst of colours!
Your butterfly explodes!
The orc wizard hits your butterfly with a +0 dagger.
Your butterfly disappears in a burst of colours!
Your butterfly explodes!
The fiery explosion engulfs the orc wizard!!
The fiery explosion engulfs your butterfly!!
Your butterfly disappears in a burst of colours!
The fiery explosion engulfs your butterfly!
Your butterfly disappears in a burst of colours!
Your butterfly explodes!
The fiery explosion engulfs your butterfly!!
Your butterfly disappears in a burst of colours!
The fiery explosion engulfs you!!
Ouch! That really hurt!
Your butterfly explodes!
The fiery explosion engulfs you!!
Ouch! That really hurt!
You die... #b.# #b.# bb# . bb#

.§§ #b# ####
b§§§.###§# #..
.§§§lo§§§# #.#
########§###.####.#.
#§@bbb.......
#§###<######
#.#.#...# #b# #....#
## #.#...# #.###...
## #####


There were no monsters in sight!

Vanquished Creatures
  An orc wizard (D:3)
  2 adders (D:2)
  3 dart slugs
  An orc (D:3)
  7 endoplasms
  5 giant cockroaches
  3 goblins
  2 jackals (D:2)
  4 kobolds
  2 quokkas
  8 ball pythons
  9 bats
  2 frilled lizards
  A rat (D:1)
50 creatures vanquished.

Vanquished Creatures (others)
  5 plants (D:2)
5 creatures vanquished.

Grand Total: 55 creatures vanquished

Notes
Turn   | Place    | Note
-------+----------+-------------------------------------------
     0 | D:1      | Pimp the Demonspawn Fighter began the quest for the Orb.
     0 | D:1      | Reached XP level 1. HP: 18/18 MP: 1/1
    58 | D:1      | You fall into a shaft and drop 1 floor!
   259 | D:1      | Discovered your monstrous ancestry.
   259 | D:1      | Gained mutation: You have sharp fingernails. [demonic
                  | ancestry]
   259 | D:1      | Reached XP level 2. HP: 23/24 MP: 2/2
  1003 | D:2      | Gained mutation: You have a pair of small antennae on your
                  | head. [demonic ancestry]
  1003 | D:2      | Reached XP level 3. HP: 27/29 MP: 3/3
  1065 | D:2      | Identified a scroll of acquirement
  1065 | D:2      | Acquired 868 gold pieces
  1551 | D:2      | Gained mutation: You regenerate magic rapidly. [demonic
                  | ancestry]
  1551 | D:2      | Reached XP level 4. HP: 35/35 MP: 4/4
  1873 | D:3      | Killed by an exploding butterfly... ignited by their inner
                  | flame

Illustrated notes

Levels and vault maps discovered:
D:1:      dpeg_arrival_arbitrary_b, layout_basic
D:2:      layout_loops_ring, serial_forest, infiniplex_forest_lined_room_,
          infiniplex_forest_zigzag_2, infiniplex_forest_straight_1,
          infiniplex_forest_fountain, infiniplex_forest_corner_1,
          infiniplex_forest_end_3, infiniplex_forest_lined_corner,
          infiniplex_forest_clump_diagonal, infiniplex_forest_lined_room_3
D:3:      layout_loops_ring, mainiacjoe_overflow_alcove_4, serial_shops,
          nicolae_shop_real_fake_doors, uniq_natasha

Skill      XL: |  1  2  3 |
---------------+----------+-----
Axes           | 2 |  2.9
Armour         | 3 |  3.3
Fighting       | |  3.3
Dodging        | |  0.3
Shields        | |  2.9

Action                     |  1- 3 |  4- 6 || total
---------------------------+-------+-------++-------
  Melee: War axe           |   134 |    10 ||   144
    Use: Scroll            |     4 |     5 ||     9
 Armour: Scale mail        |    96 |     3 ||    99
  Dodge: Dodged            |    92 |     5 ||    97
  Block: Buckler           |    39 |     3 ||    42
